AoeStats
← EiskalterEngel

Black Forest

510845444Analyzed
3v3 RM · 15h ago on Oct 2, 2026· 53m 47s· 6 players
Game mode
Random Map
Map size
Normal (6 player)
Population
200
Speed
Normal
Resources
Standard
Victory
Conquest
Starting age
Dark Age
Ending age
Imperial Age
RankedLock teamsTeams togetherTeam positionsShared explorationLock speedFull tech treeHidden civsTurbo modeCheats
Victory
Defeat
🇩🇪 Varangians · Germany
1068
+13
🇲🇽 Portuguese · Mexico
1034
+15
🇩🇪 Huns · Germany
990
+16
🇸🇰 Danes · Slovakia
1070
-17
1001
-15
🇸🇰 Italians · Slovakia
937
-12
EiskalterEngel
1:36 Loom
17:16 Feudal Age
22:01 Castle Age
20:37 Double-Bit Axe
20:35 Horse Collar
20:48 Gold Mining
22:47 Wheelbarrow
26:22 Bow Saw
29:20 Fletching
32:39 Scale Barding Armor
32:46 Forging
34:50 Chain Barding Armor
37:05 Imperial Age
35:41 Crossbowman
35:42 Elite Skirmisher
36:42 Padded Archer Armor
37:51 Leather Archer Armor
38:31 Parthian Tactics
40:11 Heavy Cavalry Archer
41:06 Bodkin Arrow
41:41 Thumb Ring
44:36 Bracer
48:37 Husbandry
48:48 Bloodlines
47:58 Light Cavalry
48:55 Caravan
49:36 Conscription
48:37 Elite Tarkan
50:19 Plate Barding Armor
50:20 Iron Casting
54:03 Marauders
Evil_Tehrana
2:26 Loom
10:12 Feudal Age
10:51 Double-Bit Axe
11:04 Horse Collar
18:15 Castle Age
16:33 Scale Mail Armor
16:51 Gold Mining
22:55 Bow Saw
23:31 Forging
30:57 Wheelbarrow
30:29 Stone Mining
31:52 Heavy Plow
33:00 Hand Cart
33:20 Squires
33:06 Arson
37:29 Imperial Age
34:46 Town Watch
36:03 Gambesons
37:00 Chain Mail Armor
37:38 Elite Varangian Guard
40:04 Iron Casting
40:27 Plate Mail Armor
41:36 Ballistics
42:41 Blast Furnace
42:59 Fletching
45:29 Stone Shaft Mining
45:43 Pikeman
45:44 Man-at-Arms
46:18 Onager
47:36 Guilds
49:35 Two-Man Saw
48:21 Halberdier
48:22 Long Swordsman
48:56 Capped Ram
50:02 Two-Handed Swordsman
aaaaaaa
0:26 Loom
13:41 Feudal Age
14:53 Double-Bit Axe
14:49 Horse Collar
17:32 Castle Age
16:05 Stone Mining
16:16 Gold Mining
21:14 Wheelbarrow
27:51 Circumnavigation
28:07 Fortified Wall
28:07 Heavy Plow
29:43 Hand Cart
33:36 Imperial Age
30:57 Town Watch
32:43 Masonry
32:14 Treadmill Crane
33:12 Stone Shaft Mining
35:17 Chemistry
33:46 Elite Organ Gun
34:58 Crop Rotation
35:21 Architecture
34:59 Caravan
35:57 Fletching
39:13 Siege Engineers
39:24 Padded Archer Armor
39:21 Bodkin Arrow
45:04 Scale Mail Armor
45:04 Bracer
45:15 Forging
45:20 Leather Archer Armor
48:04 Scale Barding Armor
48:35 Iron Casting
48:41 Bloodlines
47:52 Light Cavalry
48:32 Husbandry
50:09 Chain Barding Armor
50:50 Blast Furnace
WoWMatus
1:48 Loom
13:00 Feudal Age
17:15 Castle Age
15:50 Double-Bit Axe
15:51 Horse Collar
20:39 Town Watch
21:29 Wheelbarrow
21:28 Bow Saw
24:08 Silk Road
26:15 Hand Cart
28:44 Caravan
33:38 Imperial Age
31:09 Town Patrol
32:52 Town Patrol
33:00 Fletching
33:11 Padded Archer Armor
33:12 Scale Mail Armor
34:27 Bodkin Arrow
34:47 Leather Archer Armor
36:36 Conscription
37:25 Chemistry
36:46 Ballistics
37:43 Elite Genoese Crossbowman
39:06 Devotion
40:45 Coinage
43:14 Masonry
42:44 Treadmill Crane
44:09 Bracer
Bristlak z teba narobi pretlak
10:54 Feudal Age
10:54 Loom
17:20 Castle Age
15:17 Double-Bit Axe
15:16 Horse Collar
19:09 Fletching
19:40 Heavy Plow
24:58 Wheelbarrow
26:44 Bow Saw
27:28 Bodkin Arrow
27:52 Hand Cart
32:21 Imperial Age
30:34 Thumb Ring
31:16 Forging
31:26 Scale Mail Armor
31:30 Andean Sling
34:35 Conscription
34:35 Bracer
35:10 Crop Rotation
34:33 Gold Mining
35:20 Elite Kamayuk
38:50 Squires
38:35 Arson
41:24 Chemistry
43:49 Champi Runner
45:18 Champi Warrior
46:25 Pikeman
46:26 Elite Champi Warrior
DieHard
8:17 Loom
10:36 Feudal Age
15:27 Castle Age
13:23 Stone Mining
13:26 Double-Bit Axe
15:56 Gold Mining
19:10 Horse Collar
20:59 Squires
23:34 Arson
26:30 Gambesons
27:22 Fletching
33:47 Imperial Age
32:48 Wheelbarrow
33:29 Bow Saw
34:46 Heavy Plow
36:12 Gold Shaft Mining
36:18 Conscription
37:17 Bodkin Arrow
38:01 Elite Varangian Guard
38:19 Capped Ram
42:43 Heavy Scorpion
47:22 Hand Cart
49:26 Murder Holes
50:22 Scale Mail Armor
Connection lost

Rejoining the realm…

Still unreachable

The connection could not be restored.

Session expired

The server has moved on; the page needs a fresh start.